 Dungeon Crawl Stone Soup version 0.27.0-1-g7a089689b8 (webtiles) character file.

Game seed: 14042638728158941555

4187 gimp the Slinger (level 10, -9/77 HPs)
             Began as a Yellow Draconian Arcane Marksman on Aug 7, 2021.
             Was a Priest of the Shining One.
             Mangled by an orc knight (31 damage)
             ... in a bailey.
             The game lasted 00:17:59 (10447 turns).

gimp the Slinger (DrAM)                            Turns: 10447, Time: 00:18:00

Health: -9/77      AC:  7    Str: 20    XL:     10   Next: 8%
Magic:  9/11       EV: 12    Int: 14    God:    the Shining One [***...]
Gold:   1519       SH:  6    Dex: 16    Spells: 2/11 levels left

rFire    . . .     SeeInvis +   a - +6 hunting sling (vorpal)
rCold    + + .     Faith    .   g - +1 buckler
rNeg     + . .     Spirit   .   (armour unavailable)
rPois    .         Reflect  .   (helmet restricted)
rElec    .         Harm     .   (no cloak)
rCorr    +         Rampage  .   (no gloves)
Will     .....                  (no boots)
Stlth    +.........             (no amulet)
HPRegen  0.22/turn              s - ring "Ziol" {rC+ Str+6 Dex+3 SInv Stlth+}
MPRegen  0.12/turn              (no ring)

@: short of breath, flying, hasted, glowing, very quick
A: spit acid, AC +7, unfitting armour, cold-blooded, acid resistance, cold
resistance 1, deterioration 1
a: Breathe Acid, Renounce Religion, Divine Shield


You were in a bailey.
You worshipped the Shining One.
The Shining One was most pleased with you.
You visited 2 branches of the dungeon, and saw 10 of its levels.
You also visited: Bailey.

You collected 1591 gold pieces.
You spent 72 gold pieces at shops.

Inventory:

Hand Weapons
 a - a +6 vorpal hunting sling (weapon)
 b - a +0 falchion
Missiles
 c - 51 sling bullets (quivered ammo)
 j - 174 stones
 p - 2 javelins
 v - 7 poisoned darts
Armour
 d - a +0 kite shield
 g - a +1 buckler (worn)
Jewellery
 s - the ring "Ziol" (left hand) {rC+ Str+6 Dex+3 SInv Stlth+}
   (You found it on level 4 of the Dungeon)

   [ring of strength]

   Str:       It affects your strength (+6).
   Dex:       It affects your dexterity (+3).
   rC:        It protects you from cold.
   SInv:      It lets you see invisible.
   Stlth:     It makes you more stealthy.
Wands
 i - a wand of flame (17)
 k - a wand of iceblast (22)
Scrolls
 h - 3 scrolls of amnesia
 n - 2 scrolls of identify
 o - 3 scrolls of enchant armour
 q - a scroll of teleportation
 r - a scroll of enchant weapon
 y - a scroll of summoning {unknown}
Potions
 l - 3 potions of curing
 m - 2 potions of brilliance
 t - a potion of mutation
 u - a potion of haste
 w - 2 potions of might {unknown}
 x - a potion of heal wounds {unknown}


   Skills:
 - Level 3.0 Fighting
 + Level 6.5 Long Blades
 * Level 10.3 Slings
 - Level 1.7 Dodging
 - Level 4.0 Shields
 - Level 1.0 Spellcasting
 - Level 5.0 Hexes


You had 2 spell levels left.
You knew the following spells:

 Your Spells              Type           Power      Damage    Failure   Level
a - Corona                Hex            15%        N/A       3%          1
b - Slow                  Hex            14%        N/A       4%          2
c - Portal Projectile     Hex/Tloc       14%        N/A       28%         3
d - Tukima's Dance        Hex            14%        N/A       10%         3

Your spell library contained the following spells:

 Spells                   Type           Power      Damage    Failure   Level
 Ensorcelled Hibernation  Hex/Ice        14%        N/A       14%         2
 Dazzling Flash           Conj/Hex       14%        N/A       28%         3
 Inner Flame              Hex/Fire       7%         N/A       28%         3
 Cause Fear               Hex            7%         N/A       32%         4
 Iskenderun's Mystic Bla  Conj/Tloc      0%         2d3       95%         4
 Starburst                Conj/Fire      0%         8x6d3     100%        6


Dungeon Overview and Level Annotations

Branches:
Dungeon (9/15)             Temple (1/1) D:6            Lair (0/6) D:8
 Bailey (1/1)
    Orc: D:9-12

Altars:
Ashenzari
Cheibriados
Dithmenos
Elyvilon
Fedhas
Gozag
Hepliaklqana
Kikubaaqudgha
Makhleb
Nemelex Xobeh
Okawaru
Qazlal
Sif Muna
Trog
Uskayaw
Vehumet
Xom
Yredelemnul
Zin
The Shining One

Shops:
D:7 *

Annotations:
D:2 Terence
D:3 Purgy
D:6 4 runed translucent doors, Crazy Yiuf; boopsy's ghost, novice KoDe


Innate Abilities, Weirdness & Mutations

You can spit globs of acid.
Your golden yellow scales are hard. (AC +7)
You cannot fit into any form of body armour.
You are cold-blooded and may be slowed by cold attacks.
You are resistant to acid. (rCorr)
Your flesh is cold resistant. (rC+)
Your body sometimes deteriorates upon taking damage.


Message History

It was a potion of mutation.
You feel extremely strange.
You feel yourself wasting away.
You feel resistant to cold. The orc knight closely misses you.
It was a potion of flight.
You feel very buoyant.
You fly up into the air.
You block the orc knight's attack.
The orc knight hits you with a +1 war axe!!
The Shining One protects you from harm!
There is an open door here.
Things that are here:
a +0 halberd of electrocution; a gnoll skeleton
There is an open door, spattered with blood here.
You see here a +0 halberd of electrocution.
You see here 3 boomerangs.
There is an open door, spattered with blood here.
Things that are here:
a +1 halberd of electrocution; 7 boomerangs; a gnoll skeleton
Okay, then.
Saving game... please wait.
Welcome back, gimp the Yellow Draconian Arcane Marksman.
The Shining One says: Lead the forces of light to victory!
Press ? for a list of commands and other information.
Things that are here:
a +0 halberd; a gnoll skeleton
Okay, then.
Okay, then.
Okay, then.
Things that are here:
a +2 halberd of electrocution; 4 boomerangs; a gnoll skeleton
There is a fountain of clear blue water here.
Things that are here:
3 boomerangs; a kobold corpse
There is an open door here.
A gnoll comes into view. It is wielding a +0 halberd.
Things that are here:
4 boomerangs; a kobold corpse It was a potion of haste.
You feel yourself speed up.
The gnoll shouts!
You hear a shout! x3
The orc knight hits you with a +1 war axe!!
You die...

#.# #.###())###.##
#'##'##)###'##(##
#....)## ##.....
###...)(#####(....
#.'..⌠..'.#.'..∩..
###.....#####....(
##(....# ##!.(..
##o##'##'###'##'##
#@###.# #.#)###.##
#'# ### #### ###
#g## # #.#g#
##(##'##'# #g
##.....# #.(.(.#
'.(⌠..'.#
##...(.### #....(#


You could see an orc knight and a gnoll.

Vanquished Creatures
  A troll (D:8)
  Sigmund (D:5)
  6 yaks
  A steam dragon (D:6)
  Menkaure (D:5)
  2 water moccasins
  2 sky beasts
  A hornet zombie (D:7)
  A black bear (D:5)
  An ice beast (D:5)
  2 centaurs (D:7)
  4 ogres
  7 bullfrogs
  A gnoll sergeant (D:8)
  A scorpion (D:4)
  A water moccasin zombie (D:6)
  A wyvern skeleton (D:7)
  6 wights (D:8)
  3 centaur zombies
  An orc priest (D:5)
  A jelly (D:8)
  A gnoll shaman (D:7)
  2 iguanas
  A killer bee zombie (D:6)
  A hound skeleton (D:4)
  A howler monkey zombie (D:7)
  6 adders
  16 gnolls
  A white imp (D:6)
  A worm (D:2)
  10 dart slugs
  13 orcs
  3 ball pythons
  7 bats
  3 endoplasms
  3 giant cockroaches
  7 goblins
  13 hobgoblins
  11 jackals
  11 kobolds
  3 quokkas
  A frilled lizard (D:2)
  3 rats
163 creatures vanquished.

Notes
Turn   | Place    | Note
-------+----------+-------------------------------------------
     0 | D:1      | gimp the Draconian Arcane Marksman began the quest for the
                  | Orb.
     0 | D:1      | Reached XP level 1. HP: 16/16 MP: 2/2
    76 | D:1      | Reached skill level 2 in Slings
   292 | D:1      | Reached XP level 2. HP: 11/24 MP: 3/3
   879 | D:1      | Found a faded altar of an unknown god.
   890 | D:1      | Became a worshipper of the Shining One
   890 | D:1      | Reached * piety under the Shining One
  1099 | D:2      | Reached XP level 3. HP: 26/29 MP: 4/4
  1206 | D:2      | Reached skill level 3 in Slings
  1633 | D:2      | Noticed Terence
  2106 | D:3      | Reached XP level 4. HP: 18/37 MP: 5/5
  2475 | D:3      | You fall into a shaft and drop 3 floors!
  2488 | D:6      | Reached skill level 4 in Slings
  2488 | D:6      | Reached XP level 5. HP: 14/45 MP: 6/6
  2763 | D:5      | Entered Level 5 of the Dungeon
  2763 | D:5      | Noticed an ogre
  2763 | D:5      | Noticed an ice beast
  2771 | D:6      | Noticed a water moccasin
  2783 | D:5      | Killed an ice beast
  2788 | D:5      | Killed an ogre
  2789 | D:5      | Reached XP level 6. HP: 23/51 MP: 7/7
  3297 | D:3      | Noticed Purgy
  3441 | D:4      | Reached skill level 5 in Slings
  3480 | D:4      | Reached ** piety under the Shining One
  3653 | D:4      | Identified the ring "Ziol" {rC+ Str+6 Dex+3 SInv Stlth+}
  3704 | D:4      | Found a blossoming altar of Fedhas.
  4261 | D:4      | Reached skill level 1 in Shields
  4487 | D:4      | Found a white marble altar of Elyvilon.
  4504 | D:4      | Found a glowing golden altar of the Shining One.
  4734 | D:5      | Your scales start taking on a golden yellow colour.
  4734 | D:5      | Reached XP level 7. HP: 57/57 MP: 8/8
  4734 | D:5      | Gained mutation: You are resistant to acid. (rCorr) [Yellow
                  | Draconian growth]
  4748 | D:5      | Learned a level 2 spell: Slow
  4752 | D:5      | Learned a level 3 spell: Portal Projectile
  4900 | D:5      | Identified a scroll of acquirement
  4901 | D:5      | Acquired 1326 gold pieces
  5145 | D:5      | Acquired a +5 vorpal hunting sling
  5507 | D:5      | Noticed Sigmund
  5511 | D:5      | Killed Sigmund
  5512 | D:5      | Reached skill level 1 in Long Blades
  5512 | D:5      | Reached skill level 6 in Slings
  5602 | D:5      | Noticed Menkaure
  5753 | D:5      | Killed Menkaure
  5754 | D:5      | Reached XP level 8. HP: 63/63 MP: 9/9
  5863 | D:5      | Found an iron altar of Okawaru.
  6156 | D:6      | Found a staircase to the Ecumenical Temple.
  6177 | Temple   | Entered the Ecumenical Temple
  6498 | D:6      | Found a runed translucent door.
  6499 | D:6      | Noticed Crazy Yiuf
  6731 | D:6      | Found a runed translucent gate.
  6732 | D:6      | Found a runed translucent gate.
  6733 | D:6      | Found a runed translucent gate.
  6733 | D:6      | Noticed boopsy's ghost (novice KoDe)
  6733 | D:6      | Noticed a two-headed ogre
  6767 | D:6      | Reached skill level 7 in Slings
  6767 | D:6      | Reached skill level 5 in Hexes
  7107 | D:6      | Learned a level 3 spell: Tukima's Dance
  7584 | D:7      | Reached skill level 8 in Slings
  7584 | D:7      | Reached XP level 9. HP: 69/69 MP: 10/10
  7697 | D:7      | Reached *** piety under the Shining One
  8070 | D:7      | Found Toes's General Store.
  8181 | D:7      | Bought a potion of curing for 36 gold pieces
  8181 | D:7      | Bought a potion of curing for 36 gold pieces
  8266 | D:8      | Reached skill level 5 in Long Blades
  8270 | D:8      | Reached skill level 9 in Slings
  9086 | D:8      | Found a shadowy altar of Dithmenos.
  9167 | D:8      | Found a staircase to the Lair.
  9420 | D:8      | Found a glowing silver altar of Zin.
  9503 | D:8      | Reached skill level 10 in Slings
  9685 | D:8      | Noticed a troll
  9688 | D:8      | Killed a troll
  9689 | D:8      | Reached XP level 10. HP: 77/77 MP: 11/11
 10004 | D:9      | Found a flagged portal.
 10026 | D:9      | Found an opulent altar of Gozag.
 10026 | D:9      | Identified the +5 trident "Zukuqudo" {elec, rF+}
 10038 | Bailey   | Entered a bailey
 10397 | Bailey   | Noticed an orc knight
 10431 | Bailey   | Gained mutation: Your body sometimes deteriorates upon
                  | taking damage. [potion of mutation]
 10431 | Bailey   | Gained mutation: Your flesh is cold resistant. (rC+)
                  | [potion of mutation]
 10433 | Bailey   | The Shining One protects you from harm!
 10447 | Bailey   | Mangled by an orc knight

Illustrated notes

Levels and vault maps discovered:
D:1:      sevenhm_arrival_forest_fort_small_6, layout_loops_ring,
          basic_ecumenical_altar
D:2:      layout_basic, uniq_terence
D:3:      layout_basic, kennysheep_donut, uniq_purgy
D:4:      kennysheep_slugbush, layout_layer_cave, mainiacjoe_overflow_boulevard,
          mainiacjoe_overflow_catwalk_spiral
D:5:      layout_basic, lemuel_coloured_pillars_altar, serial_corexii_hall,
          corexii_hall_statues_deadend, corexii_hall_statues_x,
          corexii_hall_statues_deadend, corexii_hall_statues_u,
          minmay_misc_feat_columns, small_statue_intersection, st_stairs_11,
          uniq_sigmund, uniq_menkaure
D:6:      layout_rooms, minmay_temple_entry_arrows, gammafunk_ghost_split,
          uniq_crazy_yiuf_cottage
D:7:      layout_loops_ring, serial_shops, kennysheep_mini_moat
D:8:      layout_loops_corners, zin_scriptorium,
          nicolae_dithmenos_through_a_glass_darkly, lair_entry_dummy
D:9:      layout_grid_maze, amcnicky_altar_gilded, mainiacjoe_overflow_alcove_1,
          mainiacjoe_overflow_cross_hatched, gammafunk_ghost_grave,
          enter_bailey_3, evilmike_butchery
Temple:   nicolae_temple_figure_eight
Bailey:   bailey_axe_2, bailey

Skill      XL: |  1  2  3  4  5  6  7  8  9 |
---------------+----------------------------+-----
Slings         | 2 3 4 5 6 8 10 | 10.3
Fighting       | 2 3 |  3.0
Hexes          | 3 4 5 |  5.0
Shields        | 1 3 4 |  4.0
Long Blades    | 2 4 6 |  6.5
Dodging        | |  1.7
Spellcasting   | |  1.0

Action                   |  1- 3 |  4- 6 |  7- 9 | 10-12 || total
-------------------------+-------+-------+-------+-------++-------
Melee: Dagger            |   124 |       |       |       ||   124
       Tailslap          |    19 |    22 |    27 |       ||    68
       Falchion          |    13 |   144 |   102 |       ||   259
 Fire: Hunting sling     |    60 |     7 |   164 |    61 ||   292
Throw: Stone             |       |       |     1 |       ||     1
 Cast: Slow              |       |       |       |     2 ||     2
 Abil: Breathe Acid      |       |       |    13 |     2 ||    15
Evoke: Wand              |       |       |     3 |       ||     3
  Use: Potion            |     1 |     4 |     7 |     3 ||    15
       Scroll            |       |     4 |    11 |     1 ||    16
Armor: Skin              |    43 |    51 |    50 |     5 ||   149
Dodge: Dodged            |    91 |    98 |    90 |     6 ||   285
Block: Buckler           |       |    16 |    45 |     7 ||    68
       Rpst.: Falchion   |     3 |    32 |    17 |       ||    52
